 Dungeon Crawl Stone Soup version 0.24.1 (webtiles) character file.

Game seed: 6166391056216366330, levelgen mode: deterministic

13459 Chiseanne the Covert (level 11, -3/71 HPs)
             Began as a Vampire Chaos Knight on Mar 29, 2020.
             Was a Plaything of Xom.
             Shot with an arrow by Nessos (20 damage)
             ... on level 12 of the Dungeon.
             The game lasted 00:47:42 (9579 turns).

Chiseanne the Covert (Vampire Chaos Knight)         Turns: 9579, Time: 00:47:43

Health: -3/71      AC: 11    Str:  6 (9)  XL:     11   Next: 75%
Magic:  11/11      EV: 19    Int:  3 (16) God:    Xom [......]
Gold:   105        SH:  0    Dex: 12 (22) Spells: 10/10 levels left

rFire    + . .     SeeInvis +   a - +3 dagger (venom)
rCold    + + .     Gourm    .   (no shield)
rNeg     + + +     Faith    .   E - +2 leather armour {rF+}
rPois    ∞         Spirit   .   (no helmet)
rElec    .         Reflect  .   k - +0 cloak
rCorr    .         Harm     .   x - +1 pair of gloves
MR       +....                  C - +0 pair of boots
Stlth    +++++++...             p - amulet of the acrobat
HPRegen  0.00/turn              D - +6 ring of dexterity
MPRegen  0.12/turn              w - +3 ring of evasion

@: bloodless
A: no food, claws 1, fangs 3, icy blue scales 1, slimy green scales 1, see
invisible, deformed body, deterioration 2, screaming 1, weak 1, unbreathing,
subdued magic 1
a: Bat Form, Revivify, Renounce Religion


You were on level 12 of the Dungeon.
You worshipped Xom.
You were a very special plaything of Xom.
You were bloodless.

You visited 1 branch of the dungeon, and saw 13 of its levels.

You collected 511 gold pieces.
You spent 406 gold pieces at shops.

Inventory:

Hand Weapons
 a - a +3 dagger of venom (weapon)
 b - a +2 short sword of draining
 d - a +3 quarterstaff of chaos
 s - a +2 vampiric hand axe
 t - a +2 short sword of speed
 F - a +0 whip of electrocution
Missiles
 c - 224 arrows
 f - 203 stones
 i - 23 poisoned darts (quivered)
 j - 99 bolts
 n - 34 sling bullets
 q - 8 boomerangs
 A - 5 curare-tipped darts
Armour
 k - a +0 cloak (worn)
 u - a cursed +0 buckler
 x - a +1 pair of gloves (worn)
 C - a +0 pair of boots (worn)
 E - a +2 leather armour of fire resistance (worn)
Jewellery
 p - an amulet of the acrobat (around neck)
 w - a +3 ring of evasion (right hand)
 D - a +6 ring of dexterity (left hand)
Wands
 y - a wand of flame (14)
 B - a wand of enslavement (3)
Scrolls
 g - 2 scrolls of identify
 o - 5 scrolls of remove curse
 r - a scroll of enchant armour
 v - 3 scrolls of amnesia
 z - a scroll of fear
 G - a scroll of teleportation
Potions
 e - a potion of magic
 h - 3 potions of curing
 l - a potion of resistance
 m - a potion of brilliance


   Skills:
 * Level 9.3 Fighting
   Level 3.0 Long Blades
 * Level 7.8(8.2) Axes
   Level 3.3(6.0) Polearms
 - Level 0.7 Armour
 * Level 10.7 Dodging
 * Level 14.1 Stealth


You had 10 spell levels left.
You didn't know any spells.
Your spell library contained the following spells:

 Spells                   Type           Power        Failure   Level  Hunger
 Freeze                   Ice            #...         63%         1    N/A
 Shock                    Conj/Air       #...         63%         1    N/A
 Poisonous Vapours        Pois/Air       #.....       78%         2    N/A
 Swiftness                Chrm/Air       #.......     78%         2    N/A
 Throw Frost              Conj/Ice       #.....       78%         2    N/A
 Conjure Flame            Conj/Fire      #.......     95%         3    N/A
 Mephitic Cloud           Conj/Pois/Air  #.......     95%         3    N/A
 Ozocubu's Armour         Chrm/Ice       #.......     95%         3    N/A
 Recall                   Summ/Tloc      N/A          95%         3    N/A
 Static Discharge         Conj/Air       #.......     95%         3    N/A
 Airstrike                Air            #.........   100%        4    N/A
 Animate Dead             Necr           N/A          100%        4    N/A
 Summon Ice Beast         Ice/Summ       #.......     100%        4    N/A
 Throw Icicle             Conj/Ice       #.......     100%        4    N/A
 Borgnjor's Vile Clutch   Necr/Erth      #.........   100%        5    N/A
 Lightning Bolt           Conj/Air       #.........   100%        5    N/A
 Death Channel            Necr           #.........   100%        6    N/A
 Freezing Cloud           Conj/Ice/Air   #.........   100%        6    N/A
 Simulacrum               Ice/Necr       #.........   100%        6    N/A
 Ring of Flames           Chrm/Fire      #.........   100%        7    N/A

Dungeon Overview and Level Annotations

Branches:
Dungeon (13/15)              Lair (0/6) D:8             Orc (0/2) D:12
 Vaults (0/5) D:13
 Temple: D:4-7

Altars:
Ashenzari
Dithmenos
Elyvilon
Ru
Xom
Zin

Shops:
D:10 *!([

Portals:
Trove: D:12 (give +2 storm dragon scales)

Annotations:
D:10 1 transporter, fritzmikael's ghost, novice OgSu
D:12 Nessos
D:13 Urug


Innate Abilities, Weirdness & Mutations

You do not eat.
You do not regenerate when monsters are visible.
You are frail without blood (-20% HP).
You can heal yourself when you bite living creatures.
You are immune to poison.
You have razor-sharp teeth.
You have supernaturally acute eyesight. (SInv)
You can survive without breathing.
You have sharp fingernails.
You are partially covered in icy blue scales. (AC +2)
You are partially covered in slimy green scales. (AC +2)
Armour fits poorly on your strangely shaped body.
Your body often deteriorates upon taking damage.
You occasionally shout uncontrollably at your foes.
You are weak. (Str -2)
Your spells are a little easier to cast, but a little less powerful.


Message History

Aiming: Enslavement
Press: ? - help, Shift-Dir - straight line, f - Nessos
Aim: Nessos, wielding a +3 longbow of flaming and wearing a +0 centaur barding (fast, chance to defeat MR: 46%) Nessos resists with some effort.
Nessos shoots an arrow.
The arrow misses you.
Nessos shoots an arrow.
The arrow completely misses you.
Evoke which item? (* to show all) (? for menu, Esc to quit)
Aiming: Enslavement
Press: ? - help, Shift-Dir - straight line, f/p - Nessos
Aim: Nessos, wielding a +3 longbow of flaming and wearing a +0 centaur barding (fast, chance to defeat MR: 46%) Nessos resists with some effort.
Nessos shoots an arrow.
The arrow hits you!!
* * * LOW HITPOINT WARNING * * *
The arrow burns you.
* * * LOW HITPOINT WARNING * * *
Evoke which item? (* to show all) (? for menu, Esc to quit)
Aiming: Enslavement
Press: ? - help, Shift-Dir - straight line, f/p - Nessos
Aim: Nessos, wielding a +3 longbow of flaming and wearing a +0 centaur barding (fast, chance to defeat MR: 46%) Nessos resists with some effort.
Nessos shoots an arrow.
The arrow hits you!!
You die...
Xom howls with laughter!

##.#.........##.....######
...#............#####....#
)..#............# #.##.#
................# #.##.#
##<..........<..# #.##.#
##....##.#......#####.##.#
##....# .#............##.#
####.....###########.....#
########.# #..c(@(##.#####
.......# # #.####(##.#
...†...# #....# ###....#
###### b†#....# ..†....#
.†#†...# ###....# .......#


You could see Nessos.

Vanquished Creatures
  Snorg (D:10)
  A cyclops (D:12)
  A shining eye (D:11)
  A centaur zombie (D:12)
  A gargoyle (D:12)
  A komodo dragon (D:10)
  3 trolls
  A hippogriff (D:10)
  A tarantella (D:10)
  21 yaks
  A human (D:12)
  A wyvern (D:10)
  3 hungry ghosts
  2 water moccasins (D:10)
  A hornet zombie (D:10)
  5 ice beasts
  4 black bears
  4 orc warriors
  2 sky beasts (D:12)
  3 ogres
  A phantom (D:10)
  A necrophage (D:10)
  8 centaurs
  Blork the orc (D:5)
  3 big kobolds
  2 bullfrogs
  5 scorpions
  A water moccasin zombie (D:11)
  A wyvern skeleton (D:7)
  12 killer bees
  A howler monkey (D:9)
  5 wights (D:7)
  An electric eel (D:9)
  7 crimson imps
  2 quasits (D:12)
  2 bullfrog zombies
  4 hounds
  2 jellies
  A centaur skeleton (D:6)
  A gnoll shaman (D:8)
  2 orc priests
  Crazy Yiuf (D:6)
  3 orc wizards
  An iguana (D:6)
  8 worker ants
  5 gnolls
  7 adders
  2 shadow imps
  An adder zombie (D:4)
  2 adder skeletons
  2 worms
  A dart slug (D:4)
  3 leopard geckos
  29 orcs
  A ball python (D:3)
  9 giant cockroaches
  6 goblins
  2 hobgoblins
  7 jackals
  18 kobolds
  2 quokkas
  4 bats
  3 frilled lizards
  3 leopard gecko skeletons
  A quokka skeleton (D:5)
  2 rats (D:2)
  3 butterflies (D:12)
247 creatures vanquished.

Vanquished Creatures (collateral kills)
  A two-headed ogre (D:11)
  An unseen horror (D:11)
  A hippogriff (D:8)
  A yak (D:11)
  A hungry ghost (D:8)
  A porcupine (D:8)
  An ice beast (D:8)
  An ogre (D:11)
  An orc warrior (D:11)
  A crocodile (D:8)
  A killer bee (D:12)
  A wight (D:11)
  2 orc wizards
  2 worker ants
  2 orcs (D:4)
  2 giant cockroaches
  A butterfly (D:12)
21 creatures vanquished.

Vanquished Creatures (others)
  A neqoxec (D:10)
  A quasit (D:10)
  An orc wizard (D:10)
  A worker ant (D:8)
  An orc (D:10)
  A quokka skeleton (D:8)
  11 fungi (D:8)
  A plant (D:8)
18 creatures vanquished.

Grand Total: 286 creatures vanquished

Notes
Turn   | Place    | Note
-------+----------+-------------------------------------------
     0 | D:1      | Chiseanne the Vampire Chaos Knight began the quest for the
                  | Orb.
     0 | D:1      | Reached XP level 1. HP: 17/17 MP: 1/1
    91 | D:2      | XOM: harmless Hex miscast
    96 | D:2      | Reached skill level 1 in Stealth
    96 | D:2      | Reached XP level 2. HP: 23/23 MP: 2/2
   166 | D:2      | Found a shadowy altar of Dithmenos.
   203 | D:2      | Reached skill level 2 in Stealth
   311 | D:2      | XOM: harmless Tloc miscast
   386 | D:2      | XOM: give mutations
   386 | D:2      | Gained mutation: Armour fits poorly on your strangely
                  | shaped body. [Xom's mischief]
   386 | D:2      | Gained mutation: Your muscles are strong. (Str +2) [Xom's
                  | mischief]
   392 | D:2      | XOM: medium Tmut miscast
   658 | D:3      | Reached XP level 3. HP: 29/29 MP: 3/3
  1012 | D:4      | Reached skill level 3 in Stealth
  1040 | D:4      | XOM: enchant monster (good)
  1046 | D:4      | XOM: cast spell 'Summon Mana Viper'
  1048 | D:4      | Reached skill level 1 in Polearms
  1048 | D:4      | Reached XP level 4. HP: 15/35 MP: 4/4
  1137 | D:4      | XOM: divination: magic mapping
  1343 | D:3      | XOM: fog
  1349 | D:3      | XOM: summons 3 friendly demons
  1351 | D:3      | Reached XP level 5. HP: 35/41 MP: 5/5
  1362 | D:3      | XOM: give mutations
  1362 | D:3      | Gained mutation: You are partially covered in icy blue
                  | scales. (AC +2) [Xom's mischief]
  1362 | D:3      | Gained mutation: You are frail. (-10% HP) [Xom's mischief]
  1362 | D:3      | Gained mutation: You occasionally shout uncontrollably at
                  | your foes. [Xom's mischief]
  1362 | D:3      | Gained mutation: You are partially covered in slimy green
                  | scales. (AC +2) [Xom's mischief]
  1445 | D:4      | Reached skill level 4 in Stealth
  1577 | D:4      | XOM: polymorph hound -> scorpion
  1613 | D:4      | XOM: enchant monster (bad)
  1614 | D:4      | XOM: smoke on damage
  1624 | D:4      | XOM: polymorph iguana -> gnoll
  1625 | D:4      | XOM: scenery: create altars
  1626 | D:4      | XOM: confusion
  1654 | D:4      | XOM: swap monsters
  1666 | D:4      | Reached XP level 6. HP: 43/43 MP: 6/6
  1866 | D:4      | XOM: blink monster(s)
  1891 | D:4      | Found a sacrificial altar of Ru.
  1898 | D:4      | XOM: confusion (+ monsters)
  1899 | D:4      | Reached skill level 5 in Stealth
  2015 | D:4      | XOM: give mutations
  2015 | D:4      | Gained mutation: You have sharp fingernails. [Xom's
                  | mischief]
  2015 | D:4      | Gained mutation: Your body sometimes deteriorates upon
                  | taking damage. [Xom's mischief]
  2015 | D:4      | Lost mutation: You are frail. (-10% HP) [Xom's mischief]
  2015 | D:4      | Lost mutation: Your muscles are strong. (Str +2) [Xom's
                  | mischief]
  2053 | D:5      | Entered Level 5 of the Dungeon
  2111 | D:5      | XOM: harmless Pois miscast
  2120 | D:5      | Noticed Blork the orc
  2129 | D:5      | Killed Blork the orc
  2322 | D:5      | XOM: harmless Air miscast
  2352 | D:5      | Reached XP level 7. HP: 28/44 MP: 7/7
  2437 | D:5      | Reached skill level 6 in Stealth
  2460 | D:5      | XOM: scenery: 1 doors open
  2521 | D:6      | Found a white marble altar of Elyvilon.
  2634 | D:6      | XOM: enchant monster (good)
  2643 | D:6      | XOM: noise
  2657 | D:6      | Reached skill level 5 in Dodging
  2844 | D:6      | Found a runed translucent door.
  2845 | D:6      | Noticed Crazy Yiuf
  2850 | D:6      | XOM: god gift: 16 bolts {god gift}
  2866 | D:6      | Killed Crazy Yiuf
  2922 | D:6      | Reached skill level 1 in Axes
  3008 | D:7      | Reached skill level 7 in Stealth
  3017 | D:7      | Reached skill level 5 in Fighting
  3027 | D:7      | Reached XP level 8. HP: 17/49 MP: 8/8
  3255 | D:7      | XOM: enchant monster (good)
  3266 | D:7      | XOM: summons friendly white imp
  3270 | D:7      | XOM: confuse monster(s)
  3271 | D:7      | XOM: polymorph white imp -> ufetubus
  3285 | D:7      | Reached skill level 8 in Stealth
  3285 | D:7      | XOM: blink monster(s)
  3348 | D:6      | Found a glowing silver altar of Zin.
  3402 | D:7      | Found a shattered altar of Ashenzari.
  3525 | D:8      | Noticed a hippogriff
  3532 | D:8      | Killed a hippogriff
  3539 | D:8      | XOM: destruction
  3564 | D:8      | XOM: blink monster(s)
  3567 | D:8      | XOM: medium Erth miscast
  3581 | D:8      | XOM: destruction
  3586 | D:8      | Reached skill level 9 in Stealth
  3610 | D:8      | XOM: divine lightning
  3617 | D:8      | Reached XP level 9. HP: 52/55 MP: 9/9
  3619 | D:8      | XOM: summons friendly shadow imp
  3702 | D:8      | XOM: cast spell 'Summon Butterflies'
  3718 | D:8      | Found a staircase to the Lair.
  3799 | D:8      | XOM: silly message
  4164 | D:9      | XOM: noise
  4211 | D:9      | Noticed a troll
  4217 | D:9      | Killed a troll
  4249 | D:9      | XOM: potion effect (haste)
  4256 | D:9      | Reached skill level 10 in Stealth
  4516 | D:10     | Entered Level 10 of the Dungeon
  4615 | D:9      | XOM: potion effect (haste)
  4643 | D:9      | Reached skill level 5 in Axes
  4651 | D:9      | Reached skill level 11 in Stealth
  4801 | D:9      | XOM: harmless Tmut miscast
  4839 | D:9      | XOM: cloud trail
  4921 | D:9      | Reached XP level 10. HP: 51/63 MP: 10/10
  4995 | D:9      | XOM: silly message
  5011 | D:9      | XOM: harmless Air miscast
  5013 | D:9      | XOM: harmless Fire miscast
  5026 | D:9      | HP: 1/63 [killer bee (8)]
  5294 | D:10     | XOM: silly message
  5302 | D:10     | XOM: smoke on damage
  5307 | D:10     | XOM: potion effect (heal wounds)
  5368 | D:10     | Noticed Snorg
  5387 | D:10     | Found Ihuelesm's Assorted Antiques.
  5398 | D:10     | Bought a curved glass wand for 132 gold pieces
  5398 | D:10     | Bought a curved gold wand for 132 gold pieces
  5420 | D:10     | XOM: potion effect (might)
  5443 | D:10     | XOM: divination: magic mapping
  5471 | D:10     | Found Utown's Antique Weapon Shoppe.
  5493 | D:10     | Found Yffeb's Antique Armour Boutique.
  5501 | D:10     | Bought a pair of boots for 94 gold pieces
  5543 | D:10     | Found a transporter.
  5549 | D:10     | Noticed fritzmikael's ghost (novice OgSu)
  5551 | D:10     | XOM: enchant monster (good)
  5569 | D:10     | XOM: scenery: create altars
  5571 | D:10     | XOM: enchant monster (bad)
  5589 | D:10     | XOM: destruction
  5592 | D:10     | XOM: polymorph yak -> tarantella
  5593 | D:10     | XOM: cast spell 'Dispersal'
  5619 | D:10     | Found a transporter.
  5627 | D:10     | XOM: confusion (+ monsters)
  5632 | D:10     | Gained mutation: Your body often deteriorates upon taking
                  | damage. [a neqoxec]
  5633 | D:10     | XOM: divine lightning
  5645 | D:10     | XOM: fake destruction
  5649 | D:10     | Gained mutation: You are weak. (Str -2) [a neqoxec]
  5766 | D:10     | XOM: butterfly on damage
  5777 | D:10     | Killed Snorg
  5777 | D:10     | Reached skill level 12 in Stealth
  6105 | D:10     | XOM: cast spell 'Metabolic Englaciation'
  6106 | D:10     | XOM: mild Summ miscast
  6143 | D:10     | XOM: harmless Fire miscast
  6165 | D:10     | XOM: summons 5 hostile demons
  6186 | D:10     | XOM: mild Tloc miscast
  6305 | D:10     | Found Eshassaw's Distillery.
  6310 | D:10     | Bought a potion of curing for 48 gold pieces
  7018 | D:11     | XOM: harmless Air miscast
  7111 | D:11     | XOM: enchant monster (good)
  7132 | D:11     | XOM: god gift: warped jade amulet {god gift}
  7141 | D:11     | Got a warped jade amulet {god gift}
  7144 | D:11     | Identified the amulet of Ojufipre {god gift, Harm *Drain
                  | MP+9 Str+3 Int-2} (Xom gifted it to you on level 11 of the
                  | Dungeon)
  7229 | D:11     | Reached XP level 11. HP: 66/69 MP: 11/11
  7317 | D:11     | XOM: harmless Chrm miscast
  7336 | D:11     | Noticed an unseen horror
  7337 | D:11     | Noticed a two-headed ogre
  7341 | D:11     | XOM: enchant monster (bad)
  7342 | D:11     | XOM: summons friendly quasit
  7344 | D:11     | XOM: smoke on damage
  7351 | D:11     | Killed a two-headed ogre
  7355 | D:11     | Killed an unseen horror
  7363 | D:11     | Reached skill level 13 in Stealth
  7374 | D:11     | Killed a troll
  7444 | D:11     | XOM: mild Air miscast
  7701 | D:11     | Noticed a two-headed ogre
  7708 | D:11     | XOM: confusion (+ monsters)
  7713 | D:11     | Noticed a shining eye
  7713 | D:11     | a two-headed ogre changed into a shining eye
  7713 | D:11     | XOM: polymorph two-headed ogre -> shining eye
  7721 | D:11     | Gained mutation: Your spells are a little easier to cast,
                  | but a little less powerful. [a shining eye]
  7724 | D:11     | Killed a shining eye
  7767 | D:11     | XOM: polymorph yak -> guardian serpent
  7770 | D:11     | Noticed an unseen horror
  7782 | D:11     | Noticed a death drake
  7782 | D:11     | a guardian serpent changed into a death drake
  7782 | D:11     | XOM: polymorph guardian serpent -> death drake
  7791 | D:11     | XOM: summons friendly crimson imp
  7795 | D:11     | Reached skill level 10 in Dodging
  7808 | D:11     | HP: 1/69 [unseen horror (8)]
  7814 | D:11     | XOM: fog
  8096 | D:12     | XOM: noise
  8151 | D:12     | XOM: divination: detect items
  8209 | D:12     | XOM: summons friendly iron imp
  8280 | D:12     | XOM: divination: detect items
  8512 | D:12     | XOM: potion effect (agility)
  8815 | D:12     | XOM: harmless Summ miscast
  8820 | D:12     | Found a staircase to the Orcish Mines.
  8856 | D:12     | XOM: cast spell 'Leda's Liquefaction'
  8873 | D:12     | XOM: potion effect (curing)
  8878 | D:12     | XOM: enchant monster (good)
  8880 | D:12     | XOM: noise
  8887 | D:12     | XOM: potion effect (heal wounds)
  8891 | D:12     | XOM: potion effect (haste)
  8896 | D:12     | XOM: noise
  8951 | D:12     | Reached skill level 14 in Stealth
  8974 | D:12     | XOM: medium Erth miscast
  8997 | D:12     | XOM: harmless Chrm miscast
  9201 | D:12     | XOM: silly message
  9308 | D:12     | XOM: harmless Chrm miscast
  9347 | D:12     | Found a runed translucent door.
  9356 | D:12     | Found a runed translucent door.
  9358 | D:12     | XOM: summons 2 friendly demons
  9406 | D:12     | Noticed Nessos
  9412 | D:13     | Found a gate to the Vaults.
  9412 | D:13     | Noticed Urug
  9412 | D:13     | Noticed a two-headed ogre
  9412 | D:13     | Noticed a centaur warrior
  9412 | D:13     | Noticed a centaur warrior
  9412 | D:13     | Noticed a two-headed ogre
  9431 | D:12     | XOM: summons friendly quasit
  9470 | D:12     | XOM is BORED!
  9470 | D:12     | XOM: noise
  9490 | D:12     | Found a portal to a secret trove of treasure.
  9491 | D:12     | XOM: polymorph quasit -> crimson imp
  9549 | D:12     | XOM: butterfly on damage
  9579 | D:12     | Shot with an arrow by Nessos

Levels and vault maps discovered:
D:1:      saegor_arrival_simple_c, layout_loops_cross, minmay_misc_feat_x,
          hangedman_decor_diamond_cutter
D:2:      layout_loops_ring, grunt_dithmenos_smoke_and_mirrors
D:3:      layout_loops_ring, nemelex_xobeh_ov_fountains_minmay, first_ration
D:4:      layout_rooms, kennysheep_little_box,
          nicolae_ru_great_annihilating_truth, kennysheep_potato
D:5:      layout_gridville, yredelemnul_forgotten_temple_becter,
          nicolae_overflow_crystal_walls, uniq_blork_the_orc, uniq_grinder
D:6:      layout_rooms, lemuel_doored_altar, overflow_temple_1_default,
          minmay_temple_entry_nine_rooms, serial_rivers,
          chequers_serial_rivers_micro_b, chequers_serial_rivers_large_b,
          chequers_serial_rivers_large_a, chequers_serial_rivers_small_3,
          chequers_serial_rivers_small_b, uniq_crazy_yiuf_cottage
D:7:      layout_rooms, cheibrodos_ashenzari_chains
D:8:      layout_loops_ring, overflow_temple_1_default, vehumet_statue,
          due_lair_maze_entry_diamond, grunt_ogre_cave,
          kennysheep_generic_room_11
D:9:      layout_loops_ring, special_room [special_room_bee],
          minmay_misc_feat_four_crosses, minivault_27, nrook_campfire,
          kennysheep_dice
D:10:     layout_long_grid, gammafunk_ghost_stat_death, serial_shops,
          kennysheep_mini, shop, nicolae_shop_overgrown_old_shop,
          nicolae_shop_statue_plus, kennysheep_generic_room_15, uniq_snorg
D:11:     layout_basic, nicolae_lava_and_water, minmay_fractal_squares_5
D:12:     lemuel_insect_pit, layout_basic, orc_0_dummy,
          nicolae_trove_entry_free_sample, minmay_hollow_rounded_squares,
          uniq_nessos
D:13:     layout_loops_ring, david_vaults_3, chequers_serial_rivers_room_b,
          uniq_josephine

Skill      XL: |  1  2  3  4  5  6  7  8  9 10 11 |
---------------+----------------------------------+-----
Stealth        | 1 2 3 4 5 7 9 11 12 14 | 14.1
Fighting       | 3 4 5 6 7 8 9 |  9.3
Dodging        | 3 4 5 6 8 9 10 | 10.7
Polearms       | 1 2 3 |  3.3
Axes           | 1 3 5 6 7 |  7.8
Long Blades    | |  3.0
Armour         | |  0.7

Action                   |  1- 3 |  4- 6 |  7- 9 | 10-12 || total
-------------------------+-------+-------+-------+-------++-------
Melee: Falchion          |    23 |       |       |       ||    23
       Bite              |    11 |    24 |    36 |    97 ||   168
       Spear             |    99 |   187 |    14 |       ||   300
       Dagger            |       |    14 |   117 |   159 ||   290
       Quarterstaff      |       |       |   124 |   104 ||   228
       Hand axe          |       |       |    64 |   383 ||   447
Throw: Stone             |       |     2 |       |     1 ||     3
       Dart              |       |       |    11 |    13 ||    24
       Throwing net      |       |       |       |     1 ||     1
 Abil: Exsanguinate      |     1 |     1 |       |       ||     2
Evoke: Wand              |       |       |     2 |    16 ||    18
  Use: Scroll            |     9 |     3 |     7 |     9 ||    28
       Potion            |       |       |       |     2 ||     2
 Stab: Sleeping          |     3 |     5 |    17 |     7 ||    32
       Petrified         |       |     2 |     2 |     4 ||     8
       Petrifying        |       |       |     1 |     1 ||     2
       Confused          |       |       |     1 |       ||     1
       Paralysed         |       |       |       |     4 ||     4
       Distracted        |       |       |       |     2 ||     2
       Held in net/web   |       |       |       |     1 ||     1
Armor: Leather armour    |    38 |    46 |    79 |   184 ||   347
Dodge: Dodged            |    86 |   138 |   320 |  1002 ||  1546
       Rpst.: Falchion   |     4 |       |       |       ||     4
